 Dungeon Crawl Stone Soup version 0.21.1-1-g345015f (webtiles) character file.

125 Fang the Skirmisher (level 5, -1/33 HPs)
             Began as a Gargoyle Berserker on June 4, 2018.
             Was a Follower of Trog.
             Slain by a gnoll
             ... wielding a +0 spear
              (5 damage)
             ... on level 3 of the Dungeon.
             The game lasted 00:02:21 (1790 turns).

Fang the Skirmisher (Gargoyle Berserker)            Turns: 1790, Time: 00:02:22

Health: -1/33      AC:  6    Str: 21    XL:     5   Next: 9%
Magic:  5/5        EV: 12    Int:  8    God:    Trog [*.....]
Gold:   57         SH:  0    Dex: 11    Spells: 4/4 levels left

rFire    . . .     SeeInvis .   a - +0 hand axe
rCold    . . .     Gourm    .   (no shield)
rNeg     + . .     Faith    .   b - +0 animal skin
rPois    ∞         Spirit   .   (no helmet)
rElec    +         Reflect  .   (no cloak)
rCorr    .         Harm     .   (no gloves)
MR       .....                  (no boots)
Stlth    ++........             (no amulet)
HPRegen  0.11/turn              d - +2 ring of dexterity
MPRegen  0.09/turn              (no ring)

@: berserk cooldown, slowed, very slow
A: negative energy resistance 1, electricity resistance, unbreathing,
petrification resistance, rot immunity, AC +4
a: Berserk, Burn Spellbooks, Renounce Religion


You were on level 3 of the Dungeon.
You worshipped Trog.
Trog was aware of your devotion.
You were not hungry.

You visited 1 branch of the dungeon, and saw 3 of its levels.

You collected 57 gold pieces.

Inventory:

Hand Weapons
 a - a +0 hand axe (weapon)
Armour
 b - a +0 animal skin (worn)
Jewellery
 d - a +2 ring of dexterity (left hand)
 i - an uncursed ring of fire {unknown}
Scrolls
 e - 2 scrolls of identify {unknown}
 f - 2 scrolls of remove curse {unknown}
 g - a scroll of enchant armour {unknown}
Potions
 h - a potion of haste {unknown}
 j - a potion of heal wounds {unknown}
Comestibles
 c - 3 rations
 k - a chunk of flesh


   Skills:
 + Level 4.1 Fighting
 + Level 3.9 Axes
 + Level 2.6 Armour
 + Level 2.2 Dodging
 + Level 1.1 Stealth


You had 4 spell levels left.
You didn't know any spells.

Dungeon Overview and Level Annotations

Branches:
Dungeon (3/15)

Altars:
Okawaru


Innate Abilities, Weirdness & Mutations

You are resistant to torment.
Your stone body is resilient. (AC +4)
You are immune to poison.
You resist negative energy. (rN+)
You are resistant to electric shocks. (rElec)
You can survive without breathing.
You are immune to petrification.
You are immune to rotting.


Message History

The gnoll hits you from afar with a spear.
The gnoll hits you but does no damage. The gnoll closely misses you. x2
Unknown command.
You hit the gnoll.
You kill the gnoll!
Trog accepts your kill.
You hit the gnoll. The gnoll closely misses you. x2
The gnoll hits you from afar with a spear.
Unknown command.
The gnoll hits you but does no damage. The gnoll closely misses you.
The gnoll hits you with a club.
You see here a flail.
Unknown command.
You slash the gnoll!
The gnoll is severely wounded.
You closely miss the gnoll. The gnoll misses you.
The gnoll hits you with a club!
* * * LOW HITPOINT WARNING * * *
The gnoll hits you with a spear.
You die...

..# #.# ..# #.# #.#
############ ######.#
#...........
###......####...g......#
#...............@......#
#.#......####....g.....#
#.#...)..# ############
#.#......# ..########
###


You could see 2 gnolls.

Vanquished Creatures
  A worker ant (D:2)
  5 gnolls
  2 adders (D:2)
  An ooze (D:1)
  A worm (D:2)
  2 dart slugs (D:1)
  A leopard gecko (D:2)
  An orc (D:3)
  5 bats
  A hobgoblin (D:2)
  2 frilled lizards
  4 goblins
  2 kobolds
  A rat (D:1)
29 creatures vanquished.

Notes
Turn   | Place    | Note
-------+----------+-------------------------------------------
     0 | D:1      | Fang the Gargoyle Berserker began the quest for the Orb.
     0 | D:1      | Reached XP level 1. HP: 14/14 MP: 1/1
    97 | D:1      | Reached XP level 2. HP: 19/19 MP: 2/2
   654 | D:2      | Reached XP level 3. HP: 11/24 MP: 3/3
   964 | D:2      | Reached XP level 4. HP: 19/29 MP: 4/4
  1162 | D:2      | Reached skill level 4 in Fighting
  1335 | D:2      | Reached skill level 1 in Stealth
  1496 | D:2      | Found an iron altar of Okawaru.
  1766 | D:3      | Reached XP level 5. HP: 33/33 MP: 5/5
  1790 | D:3      | Slain by a gnoll

Skill      XL: |  1  2  3  4 |
---------------+-------------+-----
Axes           | 3 |  3.9
Fighting       | 4 |  4.1
Dodging        | 2 |  2.2
Stealth        | 1 |  1.1
Armour         | |  2.6

Action                   |  1- 3 |  4- 6 || total
-------------------------+-------+-------++-------
Melee: Hand axe          |    64 |    46 ||   110
Invok: Berserk           |     1 |     1 ||     2
 Stab: Sleeping          |     1 |       ||     1
  Eat: Chunk             |       |     4 ||     4
Armor: Animal skin       |    32 |    15 ||    47
Dodge: Dodged            |    46 |    58 ||   104
